 Dungeon Crawl Stone Soup version 0.29.0-4-gdea44cf6ec (webtiles) character file.

Game seed: 8347505889989592371

287 qw the Chopper (level 6, -3/75 (78) HPs)
             Began as a Minotaur Berserker on Sept 5, 2022.
             Was a Priest of Trog.
             Slain by a wight
             ... wielding a +0 spear
              (4 damage)
             ... on level 3 of the Dungeon.
             The game lasted 00:00:54 (2787 turns).

qw the Chopper (Minotaur Berserker)                 Turns: 2787, Time: 00:00:55

HP:   -3/75 (78)    AC:  7    Str: 22    XL:     6   Next: 8%
MP:   14/14         EV: 10    Int:  4    God:    Trog [***...]
Gold: 185           SH:  5    Dex:  9    Spells: 5/5 levels left

rFire   . . .      SeeInvis .   Y - +0 hand axe
rCold   . . .      Faith    .   (no shield)
rNeg    . . .      Spirit   .   n - +0 scale mail of Omot {rPois MP+9 Str-2}
rPois   +          Reflect  +   (helmet restricted)
rElec   .          Harm     .   (no cloak)
rCorr   .          Rampage  .   (no gloves)
Will    .....                   f - +0 pair of boots
Stlth   ..........              h - amulet of reflection
HPRegen 0.22/turn               (no ring)
MPRegen 0.14/turn               (no ring)

@: berserking (expiring), lightly drained, very quick
A: horns 2, retaliatory headbutt
a: Renounce Religion, Berserk, Trog's Hand


You were on level 3 of the Dungeon.
You worshipped Trog.
Trog was most pleased with you.
You visited 1 branch of the dungeon, and saw 3 of its levels.

You collected 185 gold pieces.


Innate Abilities, Weirdness & Mutations

You have a pair of horns on your head.
You reflexively headbutt those who attack you in melee.


   Skills:
 - Level 4.0 Fighting
 + Level 7.9 Axes
 - Level 1.1 Throwing
 - Level 2.4 Armour
 - Level 2.1 Dodging


You had 5 spell levels left.
You didn't know any spells.
Your spell library was empty.

Inventory:

Hand Weapons
 e - a +0 mace
 Y - a +0 hand axe (weapon)
Missiles
 k - a silver boomerang (quivered)
Armour
 f - a +0 pair of boots (worn)
 n - the +0 scale mail of Omot (worn) {rPois MP+9 Str-2}
   (You found it on level 3 of the Dungeon)

   Str:       It affects your strength (-2).
   rPois:     It protects you from poison.
   MP:        It affects your magic capacity (+9).
 p - a +0 scale mail
Jewellery
 h - an amulet of reflection (around neck)
Potions
 c - a potion of ambrosia {unknown}
 d - a potion of brilliance {unknown}
 g - a potion of magic {unknown}
 i - a potion of lignification {unknown}
 l - 2 potions of curing
 m - a potion of degeneration {unknown}
 o - a potion of resistance {unknown}

Dungeon Overview and Level Annotations

Branches:
Dungeon (3/15)

Altars:


Message History

You hit the wight but do no damage.
The wight is heavily damaged.
The wight hits you from afar with a +0 spear!
The wight hits you with a +0 war axe!
You feel drained.
2776 ||| INVOKING Berserk.
A red film seems to cover your vision as you go berserk!
You feel yourself moving faster!
You feel mighty! You block the wight's attack. The wight completely misses you.
You barely miss the wight.
The wight is heavily damaged.
You hit the wight.
The wight is almost destroyed.
You block the wight's attack. The wight hits you with a +0 war axe!
You feel drained.
You slash the wight!
You destroy the wight!
Trog accepts your kill. The wight closely misses you.
Your life force feels restored.
You have reached level 6!
Items here: )) [[.
You barely miss the wight. The wight barely misses you.
You furiously retaliate!
You headbutt the wight, but do no damage.
You completely miss the wight. You completely miss the wight.
The wight hits you but does no damage.
You slash the wight!
The wight is heavily damaged.
The wight hits you with a +0 spear.
You feel drained.
You barely miss the wight.
The wight is heavily damaged.
You barely miss the wight.
The wight is heavily damaged.
The wight barely misses you.
You closely miss the wight.
You headbutt the wight, but do no damage.
The wight is heavily damaged.
The wight hits you with a +0 spear.
You die...

#########...#...###...#
..........#.#.##).....#
.........#####?#)....%#
.........#######......#
............###'##'##'#
####.....#####.#..##..#
.....###....#..#.##...#
.##### ########.##...## ##
#.@#).## # ##+##z##+## #
###.........# #
###.#.8..8..8.# #
###...#......(..# #
####...#######'#########.
####....### #.....%........
.......#######....[.).######
...............)<.....#


You could see a wight.

Vanquished Creatures
  2 wights (D:3)
  Ijyb (D:3)
  Robin (D:3)
  7 adders
  A worm (D:3)
  3 dart slugs
  5 ball pythons
  7 endoplasms
  5 giant cockroaches
  8 goblins
  7 hobgoblins
  6 jackals (D:1)
  3 quokkas
  6 bats
  3 frilled lizards
  5 kobolds
  4 rats
74 creatures vanquished.

Notes
Turn   | Place    | Note
-------+----------+-------------------------------------------
     0 | D:1      | qw the Minotaur Berserker began the quest for the Orb.
     0 | D:1      | Reached XP level 1. HP: 19/19 MP: 0/0
     0 | D:1      | 0 ||| qw: Version: 0.1-a-104-g96f76f8
     0 | D:1      | 0 ||| qw: Game counter: 5848
     0 | D:1      | 0 ||| qw: Always use a shield: true
     0 | D:1      | 0 ||| qw: Do Orc after D:15 true
     0 | D:1      | 0 ||| qw: Do second Lair branch before Depths: true
     0 | D:1      | 0 ||| qw: Lair rune preference: random
     0 | D:1      | 0 ||| qw: Plans: Normal
     0 | D:1      | 0 ||| PLANNING D:1-11
    60 | D:1      | 60 ||| Stepping ~*~*~tactically~*~*~ (stealth).
    73 | D:1      | Reached skill level 4 in Axes
   177 | D:1      | Reached XP level 2. HP: 21/26 MP: 1/1
   231 | D:1      | 231 ||| Stepping ~*~*~tactically~*~*~ (stealth).
   594 | D:1      | 594 ||| Stepping ~*~*~tactically~*~*~ (stealth).
   831 | D:1      | Found a faded altar of an unknown god.
   867 | D:1      | Reached skill level 5 in Axes
   987 | D:1      | Reached XP level 3. HP: 31/31 MP: 2/2
  1123 | D:1      | 1123 ||| UPGRADING to amulet of reflection.
  1128 | D:1      | 1128 ||| READING scroll labelled XOUCSUEQUPH.
  1229 | D:1      | 1229 ||| READING scroll labelled NACROI UXADECU.
  1230 | D:1      | 1230 ||| READING scroll labelled FOCVIU DITIT.
  1275 | D:2      | Reached ** piety under Trog
  1330 | D:2      | 1330 ||| Stepping ~*~*~tactically~*~*~ (stealth).
  1371 | D:2      | Reached skill level 1 in Throwing
  1378 | D:2      | 1378 ||| Stepping ~*~*~tactically~*~*~ (hiding).
  1480 | D:2      | 1480 ||| Stepping ~*~*~tactically~*~*~ (hiding).
  1582 | D:2      | 1582 ||| Stepping ~*~*~tactically~*~*~ (hiding).
  1595 | D:2      | 1595 ||| Stepping ~*~*~tactically~*~*~ (stealth).
  1596 | D:2      | 1596 ||| Stepping ~*~*~tactically~*~*~ (stealth).
  1605 | D:2      | 1605 ||| Stepping ~*~*~tactically~*~*~ (hiding).
  1619 | D:2      | Reached XP level 4. HP: 39/39 MP: 3/3
  1943 | D:2      | 1943 ||| UPGRADING to +0 pair of boots.
  1948 | D:2      | 1948 ||| UPGRADING to +0 scale mail.
  1958 | D:2      | 1958 ||| DROPPING +0 animal skin.
  1959 | D:2      | 1959 ||| READING 2 scrolls labelled FYKILA VIDAUHEMO.
  1960 | D:2      | 1960 ||| READING scroll labelled KEIGENI WAVOYC.
  1961 | D:2      | 1961 ||| READING scroll labelled VUAFEY KUISEOSTI.
  1965 | D:2      | 1965 ||| READING scroll labelled RUASHRO KUNOMOXI.
  1966 | D:2      | 1966 ||| DROPPING scroll of butterflies.
  2054 | D:3      | Noticed Ijyb
  2058 | D:3      | 2058 ||| INVOKING Berserk.
  2063 | D:3      | Killed Ijyb
  2064 | D:3      | Reached skill level 6 in Axes
  2252 | D:3      | Identified the +0 scale mail of Omot {rPois MP+9 Str-2}
  2271 | D:3      | 2271 ||| Stepping ~*~*~tactically~*~*~ (stealth).
  2273 | D:3      | 2273 ||| Stepping ~*~*~tactically~*~*~ (stealth).
  2414 | D:3      | Noticed Robin
  2419 | D:3      | 2419 ||| INVOKING Berserk.
  2422 | D:3      | Killed Robin
  2423 | D:3      | Reached XP level 5. HP: 45/45 MP: 4/4
  2457 | D:3      | 2457 ||| FLEEEEING.
  2460 | D:3      | 2460 ||| STAIRDANCE
  2562 | D:2      | 2562 ||| UPGRADING to +0 scale mail of Omot {rPois MP+9
                  | Str-2}.
  2642 | D:2      | 2642 ||| READING scroll labelled ZOIFIK CUYLLER.
  2643 | D:2      | 2643 ||| READING scroll labelled ENNEANI KEOCEE.
  2644 | D:2      | 2644 ||| DRINKING 2 black potions.
  2645 | D:2      | 2645 ||| DRINKING 3 green potions.
  2646 | D:2      | 2646 ||| DROPPING potion of flight.
  2673 | D:3      | Reached skill level 7 in Axes
  2705 | D:3      | Reached *** piety under Trog
  2715 | D:3      | 2715 ||| Stepping ~*~*~tactically~*~*~ (stealth).
  2719 | D:3      | 2719 ||| Stepping ~*~*~tactically~*~*~ (hiding).
  2767 | D:3      | 2767 ||| Stepping ~*~*~tactically~*~*~ (stealth).
  2776 | D:3      | 2776 ||| INVOKING Berserk.
  2778 | D:3      | HP: 8/67 [wight/+0 war axe (13)]
  2780 | D:3      | Reached XP level 6. HP: 7/52 MP: 5/5
  2784 | D:3      | HP: 2/78 [wight/+0 spear (6)]
  2787 | D:3      | Slain by a wight

Levels and vault maps discovered:
D:1:      lemuel_arrival_rhombus, layout_loops_ring,
          dilly_ecumenical_altar_fadedgnrine, minmay_misc_feat_x
D:2:      layout_rooms, serial_forest, infiniplex_forest_lined_room_2,
          infiniplex_forest_straight_4, infiniplex_forest_lined_corner,
          infiniplex_forest_clump_medium
D:3:      minmay_chambers_of_threes, layout_rooms, uniq_ijyb, uniq_robin

Skill      XL: |  1  2  3  4  5 |
---------------+----------------+-----
Axes           | 4 5 6 7 |  7.9
Throwing       | 1 |  1.1
Fighting       | 4 |  4.0
Armour         | |  2.4
Dodging        | |  2.1

Action                   |  1- 3 |  4- 6 || total
-------------------------+-------+-------++-------
Melee: Hand axe          |    45 |    72 ||   117
       Headbutt          |     6 |     9 ||    15
       Unarmed           |       |     2 ||     2
       Punch             |       |     1 ||     1
Throw: Boomerang         |    15 |    25 ||    40
       Javelin           |     5 |     7 ||    12
Invok: Berserk           |       |     3 ||     3
  Use: Scroll            |     3 |     6 ||     9
       Potion            |       |     2 ||     2
Armor: Animal skin       |     7 |       ||     7
       Scale mail        |       |    15 ||    15
Dodge: Dodged            |    30 |    32 ||    62
Block: Other             |     3 |    11 ||    14

Table legend:
 A = Non-vault XP
 B = Vault XP
 C = Vault XP percentage of total XP
 D = Non-vault monster count
 E = Vault monster count
 F = Vault count percentage of total count
                 A         B        C        D         E       F
            +---------+---------+-------+---------+---------+-------
      Total |     293 |     117 |  28.5 |      54 |      20 |  27.0
            +---------+---------+-------+---------+---------+-------
        D:1 |      42 |       0 |   0.0 |      24 |       0 |   0.0
        D:2 |      67 |       0 |   0.0 |      19 |       0 |   0.0
        D:3 |     184 |     117 |  38.9 |      11 |      20 |  64.5
            +---------+---------+-------+---------+---------+-------
